 Dungeon Crawl Stone Soup version 0.13-a0-2202-g857913d (webtiles) character file.

227 Kae the Firebug (level 4, -1/24 HPs)
             Began as a Tengu Fire Elementalist on July 2, 2013.
             Killed from afar by an orc wizard (12 damage)
             ... with a magic dart
             ... on Level 3 of the Dungeon.
             The game lasted 00:03:24 (2561 turns).

Kae the Firebug (Tengu Fire Elementalist)           Turns: 2561, Time: 00:03:24

HP  -1/24        AC  2     Str 11      XL: 4   Next: 53%
MP   3/8         EV 12     Int 16      God:
Gold 139         SH  0     Dex 15      Spells:  2 memorised,  3 levels left

Res.Fire  : . . .   See Invis. : +   (no weapon)
Res.Cold  : . . .   Warding    : .   a - +0 robe
Life Prot.: . . .   Conserve   : .   (no shield)
Res.Poison: .       Res.Corr.  : .   (helmet restricted)
Res.Elec. : .       Clarity    : .   (no cloak)
Sust.Abil.: . .     Spirit.Shd : .   (no gloves)
Res.Mut.  : .       Stasis     : .   (boots unavailable)
Res.Rott. : .       Flight     : .   (no amulet)
Saprovore : . . .                    t - cursed ring of see invisible
                                     k - +3 ring of strength

@: slightly resistant to hostile enchantments, fairly stealthy
A: beak, talons 3
a: no special abilities


You were on level 3 of the Dungeon.
You were not hungry.

You visited 1 branch of the dungeon, and saw 3 of its levels.

You collected 119 gold pieces.

Inventory:

Armour
 a - a +0 robe (worn)
Comestibles
 c - 2 bread rations
 h - 2 pears
 j - 2 oranges
 l - an apricot
 o - a chunk of worm flesh
 r - a meat ration
Scrolls
 g - 2 scrolls of blinking
 m - a scroll of noise
 q - a scroll of teleportation
Jewellery
 f - an uncursed amulet of guardian spirit {unknown}
 k - a +3 ring of strength (left hand)
 t - a cursed ring of see invisible (right hand)
Potions
 d - a potion of might {unknown}
 e - a potion of brilliance {unknown}
 i - 2 potions of curing {unknown}
 n - a potion of magic {unknown}
 p - a potion of poison {unknown}
 s - a potion of confusion {unknown}
Books
 b - a book of Flames

   Spells                             Type                      Level
   *Flame Tongue                      Conjuration/Fire             1
   *Throw Flame                       Conjuration/Fire             2
   Conjure Flame                      Conjuration/Fire             3
   Inner Flame                        Hexes/Fire                   3
   Sticky Flame                       Conjuration/Fire             4
   Fireball                           Conjuration/Fire             5


   Skills:
 - Level 2.1 Dodging
 - Level 2.0 Stealth
 + Level 1.5 Spellcasting
 * Level 3.6 Conjurations
 * Level 4.4 Fire Magic


You had 3 spell levels left.
You knew the following spells:

 Your Spells              Type           Power        Failure   Level  Hunger
a - Flame Tongue          Conj/Fire      ##...        6%          1    ##.....
b - Throw Flame           Conj/Fire      ##....       10%         2    ###....


Dungeon Overview and Level Annotations

Branches:
Dungeon (3/27)

Altars:
Fedhas


Innate Abilities, Weirdness & Mutations

You have a beak for a mouth.
You have claws for feet.


Message History

You spend a moment contemplating the meaning of life.
An orc wizard is nearby!
You spend a moment contemplating the meaning of life.
An orc wizard is nearby!
You spend a moment contemplating the meaning of life.
An orc wizard is nearby!
You see here an orcish club.
Casting: Flame Tongue
Confirm with . or Enter, or press ? or * to list all spells.
You don't know that spell.
Things that are here:
an orcish spear an orcish leather armour; an orc corpse You see here an orcish club.
Things that are here:
an orcish spear The orc wizard gestures at you while chanting.
The magic dart hits you!
Ouch! That really hurt!
You die...

#.....# # #.#
#######
#####.#
#...#>#
#.....#
#...### ##.##
##.##
#######...####
........@....#
#######...##.#
##)## # #)#
#)# #.# #o#
#.# #.#


You could see an orc wizard.

Vanquished Creatures
  3 gnolls (D:2)
  2 worms
  3 giant geckos (D:2)
  An ooze (D:1)
  3 orcs (D:3)
  2 giant cockroaches (D:3)
  4 goblins
  6 hobgoblins
  3 bats
  2 giant newts
  5 kobolds
  5 rats
39 creatures vanquished.

Notes
Turn   | Place    | Note
--------------------------------------------------------------
     0 | D:1      | Kae, the Tengu Fire Elementalist, began the quest for the Orb.
     0 | D:1      | Reached XP level 1. HP: 10/10 MP: 3/3
   346 | D:1      | Reached XP level 2. HP: 12/15 MP: 1/5
   403 | D:1      | Learned a level 2 spell: Throw Flame
  1000 | D:2      | Reached skill level 4 in Fire Magic
  1000 | D:2      | Reached XP level 3. HP: 6/19 MP: 2/6
  1642 | D:2      | Reached XP level 4. HP: 12/24 MP: 3/8
  2329 | D:3      | Found a blossoming altar of Fedhas.
  2561 | D:3      | Killed from afar by an orc wizard

Action                   |  1- 3 |  4- 6 || total
-------------------------+-------+-------++-------
Melee: Unarmed           |    27 |    25 ||    52
 Cast: Flame Tongue      |    42 |    26 ||    68
       Throw Flame       |     3 |     1 ||     4
  Use: Scroll            |     9 |       ||     9
 Stab: Sleeping          |     2 |       ||     2
